 Dungeon Crawl Stone Soup version 0.22.1-6-g1668fe2c40 (webtiles) character file.

243 Revguard the Skirmisher (level 5, -13/43 HPs)
             Began as a Demonspawn Fighter on Jan 19, 2019.
             Was an Initiate of Yredelemnul.
             Mangled by an orc warrior
             ... wielding a +0 long sword
              (18 damage)
             ... on level 4 of the Dungeon.
             The game lasted 00:13:48 (3637 turns).

Revguard the Skirmisher (Demonspawn Fighter)        Turns: 3637, Time: 00:13:48

Health: -13/43     AC: 13    Str: 17    XL:     5   Next: 82%
Magic:  0/5        EV:  4    Int: 10    God:    Yredelemnul [......]
Gold:   95         SH:  9    Dex: 12    Spells: 4/4 levels left

rFire    . . .     SeeInvis .   a - +0 war axe
rCold    . . .     Gourm    .   c - +0 shield
rNeg     . . .     Faith    .   g - +0 chain mail (curse)
rPois    +         Spirit   +   i - +0 helmet
rElec    .         Reflect  .   e - +0 cloak
rCorr    .         Harm     .   (no gloves)
MR       .....                  h - +0 pair of boots
Stlth    ..........             (no amulet)
HPRegen  0.14/turn              m - ring of poison resistance
MPRegen  0.09/turn              (no ring)

@: very slightly contaminated, drained, invisible
A: claws 1, rugged brown scales 1, magic shield
a: Renounce Religion


You were on level 4 of the Dungeon.
You worshipped Yredelemnul.
Yredelemnul was noncommittal.
You were not hungry.

You visited 2 branches of the dungeon, and saw 5 of its levels.

You collected 95 gold pieces.

Inventory:

Hand Weapons
 a - a +0 war axe (weapon)
Missiles
 s - 5 poisoned tomahawks (quivered)
Armour
 c - a +0 shield (worn)
 e - a +0 cloak (worn)
 g - a cursed +0 chain mail (worn)
 h - a +0 pair of boots (worn)
 i - a +0 helmet (worn)
Jewellery
 j - an uncursed ring of flight
 m - a ring of poison resistance (left claw)
Wands
 d - a wand of digging (2)
Scrolls
 b - 2 scrolls of magic mapping
 l - a scroll of identify
 p - 4 scrolls of noise
 q - a scroll of remove curse
 t - a scroll of amnesia
Potions
 r - a potion of curing
Comestibles
 f - 7 rations


   Skills:
 + Level 3.8(3.3) Fighting
 + Level 3.5(3.0) Axes
 + Level 3.6(3.0) Armour
 + Level 1.0(0.5) Dodging
 + Level 3.6(3.1) Shields


You had 4 spell levels left.
You didn't know any spells.
Your spell library was empty.

Dungeon Overview and Level Annotations

Branches:
Dungeon (4/15)             Temple (1/1) D:4

Altars:
Ashenzari
Cheibriados
Dithmenos
Elyvilon
Fedhas
Gozag
Hepliaklqana
Kikubaaqudgha
Makhleb
Nemelex Xobeh
Okawaru
Qazlal
Ru
Sif Muna
Uskayaw
Vehumet
Wu Jian
Xom
Yredelemnul
The Shining One


Innate Abilities, Weirdness & Mutations

You have sharp fingernails.
You are partially covered in rugged brown scales. (AC +1, +3% HP)
When hurt, damage is shared between your health and your magic reserves.


Message History

The orc priest shouts!
The orc wizard shouts!
The orc wizard shouts!
The orc priest shouts!
The orc priest shouts!
The orc priest shouts!
You closely miss the orc priest.
The orc wizard shouts!
The orc warrior barely misses you.
You hit the orc warrior but do no damage.
The orc warrior is lightly wounded.
You slash the orc priest! You block the orc priest's attack.
The orc warrior hits you with a long sword!
* * * LOW HITPOINT WARNING * * *
The orc priest completely misses you.
You hit the orc warrior.
The orc warrior is moderately wounded.
You completely miss the orc priest.
The orc warrior hits you with a long sword!!
You die...
Your body rises from the dead as a mindless zombie.

.# #.## #..# ...#
#####..# ##
#o@##..#
..##.##o#.#
....#.##o.#
#...#.###.# #(#...?
#.# . ##$...# #.#
.. ##.(#.8# #.# ...
#.....# #.##
....####.#######..#


You could see an orc warrior, an orc priest and an orc.

Vanquished Creatures
  A crimson imp (D:3)
  Jessica (D:2)
  A worker ant (D:4)
  Robin (D:2)
  3 adders (D:2)
  2 oozes (D:1)
  2 worms
  7 leopard geckos
  12 orcs
  2 ball pythons
  A giant cockroach (D:2)
  12 goblins
  8 hobgoblins
  8 kobolds
  3 quokkas
  7 bats
  5 frilled lizards
  A quokka skeleton (D:4)
  10 rats
87 creatures vanquished.

Vanquished Creatures (others)
  An adder (D:2)
1 creature vanquished.

Grand Total: 88 creatures vanquished

Notes
Turn   | Place    | Note
-------+----------+-------------------------------------------
     0 | D:1      | Revguard the Demonspawn Fighter began the quest for the
                  | Orb.
     0 | D:1      | Reached XP level 1. HP: 18/18 MP: 1/1
   101 | D:1      | Found a glowing golden altar of the Shining One.
   151 | D:1      | Gained mutation: You are partially covered in rugged brown
                  | scales. (AC +1, +3% HP) [demonic ancestry]
   151 | D:1      | Reached XP level 2. HP: 18/24 MP: 2/2
   558 | D:1      | Gained mutation: You have sharp fingernails. [demonic
                  | ancestry]
   558 | D:1      | Reached XP level 3. HP: 27/29 MP: 3/3
   915 | D:2      | Found a stormy altar of Qazlal.
  1031 | D:2      | HP: 1/29 [adder (2)]
  1579 | D:2      | Found a hazy altar of Hepliaklqana.
  1580 | D:2      | Found a blossoming altar of Fedhas.
  1644 | D:2      | Noticed Jessica
  2090 | D:2      | Killed Jessica
  2090 | D:2      | Gained mutation: When hurt, damage is shared between your
                  | health and your magic reserves. [demonic ancestry]
  2090 | D:2      | Reached XP level 4. HP: 36/36 MP: 4/4
  2223 | D:2      | Noticed Robin
  2244 | D:2      | Killed Robin
  2548 | D:3      | Reached XP level 5. HP: 37/42 MP: 5/5
  3317 | D:4      | Found a staircase to the Ecumenical Temple.
  3346 | Temple   | Entered the Ecumenical Temple
  3530 | Temple   | Became a worshipper of Yredelemnul the Dark
  3603 | D:4      | Reached skill level 1 in Dodging
  3605 | D:4      | Noticed an orc warrior
  3637 | D:4      | Mangled by an orc warrior

Skill      XL: |  1  2  3  4  5 |
---------------+----------------+-----
Axes           | 2 3 |  3.5
Shields        | 3 |  3.6
Armour         | 3 |  3.6
Dodging        | 1 |  1.0
Fighting       | |  3.8

Action                   |  1- 3 |  4- 6 || total
-------------------------+-------+-------++-------
Melee: War axe           |   170 |   219 ||   389
  Use: Scroll            |     6 |     7 ||    13
       Potion            |     3 |     1 ||     4
 Stab: Invisible         |       |     2 ||     2
  Eat: Chunk             |     1 |     5 ||     6
       Ration            |     1 |       ||     1
Armor: Scale mail        |    84 |       ||    84
       Chain mail        |    35 |   146 ||   181
Dodge: Dodged            |    56 |    50 ||   106
Block: Shield            |   109 |   113 ||   222
